 Dungeon Crawl Stone Soup version 0.30.0-5-g1a98f26d00 (webtiles) character file.

Game seed: 5717899980797847753

641 Inkenn the Covered (level 7, -1/52 HPs)
             Began as a Demonspawn Fighter on May 8, 2023.
             Killed from afar by Natasha (5 damage)
             ... with a magic dart
             ... on level 4 of the Dungeon.
             The game lasted 00:04:51 (3102 turns).

Inkenn the Covered (Demonspawn Fighter)             Turns: 3102, Time: 00:04:52

Health: -1/52      AC:  9    Str: 18    XL:     7   Next: 26%
Magic:  7/7        EV:  7    Int:  9    God:
Gold:   189        SH:  5    Dex: 13    Spells: 6/6 levels left

rFire   . . .        a - +0 rapier
rCold   . . .        c - +0 buckler
rNeg    . . .        t - +0 chain mail
rPois   .            (helmet restricted)
rElec   .            (no cloak)
rCorr   .            (no gloves)
SInv    .            (no boots)
Will    .....        (no amulet) Stlth
                     (no ring)
HPRegen 0.28/turn    (no ring)
MPRegen 0.10/turn

%: no passive effects
@: slowed, very slow
A: hooves 2, horns 1, powered by pain 1, weakness stinger 2
a: no special abilities


You were on level 4 of the Dungeon.
You visited 1 branch of the dungeon, and saw 4 of its levels.

You collected 189 gold pieces.

Inventory:

Hand Weapons
 a - a +0 rapier (weapon)
Missiles
 n - a throwing net (quivered)
Armour
 b - a +0 scale mail
 c - a +0 buckler (worn)
 k - a +0 helmet
 t - a +0 chain mail (worn)
Jewellery
 v - a +5 ring of evasion
 y - a ring of willpower
Scrolls
 d - 2 scrolls of enchant armour {unknown}
 e - 5 scrolls of identify {unknown}
 f - 3 scrolls of enchant weapon {unknown}
 h - 2 scrolls of teleportation {unknown}
 i - 3 scrolls of fear {unknown}
 l - a scroll of vulnerability {unknown}
 m - 2 scrolls of blinking {unknown}
 o - 2 scrolls of magic mapping {unknown}
 s - a scroll of poison {unknown}
 z - a scroll of amnesia {unknown}
 A - 3 scrolls of acquirement {unknown}
Potions
 g - 3 potions of curing {unknown}
 j - 3 potions of resistance {unknown}
 p - a potion of attraction {unknown}
 q - a potion of invisibility {unknown}
 r - 2 potions of haste {unknown}
 u - a potion of mutation {unknown}
 w - a potion of ambrosia {unknown}
 x - a potion of heal wounds {unknown}


   Skills:
 - Level 3.0 Fighting
 + Level 4.4 Short Blades
 + Level 4.9 Armour
 + Level 4.9 Shields


You had 6 spell levels left.
You didn't know any spells.
Your spell library contained the following spells:

 Spells                   Type           Power      Damage    Failure   Level
 Beastly Appendage        Tmut           0%         N/A       99%         1
 Sandblast                Erth           0%         2d4       99%         1
 Passwall                 Tmut/Erth      0%         N/A       100%        2
 Sublimation of Blood     Necr           0%         N/A       100%        2
 Wereblood                Tmut           0%         N/A       100%        2
 Spider Form              Tmut/Pois      0%         N/A       100%        3
 Stone Arrow              Conj/Erth      0%         3d7       100%        3
 Animate Dead             Necr           0%         N/A       100%        4
 Petrify                  Tmut/Erth      0%         N/A       100%        4
 Irradiate                Conj/Tmut      0%         3d11      100%        5
 Haunt                    Necr/Summ      0%         N/A       100%        7
 Infestation              Necr           0%         N/A       100%        8


Dungeon Overview and Level Annotations

Branches:
Dungeon (4/15)
 Temple: D:4-7

Altars:
Qazlal
Uskayaw

Annotations:
D:4 Natasha


Innate Abilities, Weirdness & Mutations

You have hoof-like feet.
You have a pair of small horns on your head.
You sometimes gain a little power by taking damage.
You have a tail ending in a sharp stinger.


Message History

Pargi is severely wounded.
Pargi barely misses you. Pargi claws you but does no damage.
You block Pargi's attack.
You hit Pargi. You kick Pargi.
Pargi is severely wounded.
Pargi barely misses you. Pargi claws you but does no damage. x2
Natasha stares at you and mumbles some strange words.
You resist with some effort.
You closely miss Pargi. Your kick misses Pargi. You headbutt Pargi.
Pargi is almost dead.
Pargi bites you!
* * * LOW HITPOINT WARNING * * *
Pargi claws you but does no damage. You block Pargi's attack.
You hit Pargi.
Pargi is almost dead.
Natasha casts a spell at you.
You feel yourself slow down. Pargi bites you but does no damage.
Pargi claws you but does no damage. Pargi barely misses you.
You hit Pargi but do no damage.
Pargi is almost dead.
Pargi bites you but does no damage. Pargi claws you but does no damage. x2
Pargi barely misses you. x2; Pargi closely misses you.
You barely miss Pargi.
Pargi is almost dead.
Natasha barely misses you. Pargi barely misses you. x2
Pargi claws you but does no damage. Natasha claws you!
* * * LOW HITPOINT WARNING * * *
You hit Pargi but do no damage. You kick Pargi.
Pargi is almost dead.
You hit Pargi.
You kill Pargi!
The troll leather armour {Pargi} is intact enough to wear.
Natasha completely misses you. Natasha casts a spell at you.
You feel as though you will be slow longer.
Things that are here:
a +0 troll leather armour {Pargi}; the troll corpse of Pargi; a ball python corpse Natasha casts a spell at you.
The magic dart hits you.
You die...

.........≈#####≈.....###..#.#.###
......#..≈≈≈≈≈≈≈...#........#....
...................######.#######
###.............####......#
#..............####.######
........###.........# .......#
#####.....# #####.)h....#
.......@..#.# ..........# #
..........# .........(+
..........# ..........#
#########.. ...


You could see Natasha.

Vanquished Creatures
  Grinder (D:3)
  Pargi (D:4)
  A kobold brigand (D:4)
  A jelly (D:4)
  2 orc priests (D:4)
  Natasha (D:4)
  An iguana (D:4)
  An orc wizard (D:3)
  2 adders
  A worm (D:2)
  3 dart slugs
  12 orcs
  10 endoplasms
  2 giant cockroaches (D:4)
  16 goblins
  5 hobgoblins
  2 jackals (D:1)
  4 quokkas
  11 ball pythons
  6 frilled lizards
  5 kobolds
  3 rats
91 creatures vanquished.

Notes
Turn   | Place    | Note
-------+----------+-------------------------------------------
     0 | D:1      | Inkenn the Demonspawn Fighter began the quest for the Orb.
     0 | D:1      | Reached XP level 1. HP: 18/18 MP: 1/1
   292 | D:1      | Discovered your monstrous ancestry.
   292 | D:1      | Gained mutation: You have large cloven feet. [demonic
                  | ancestry]
   292 | D:1      | Reached XP level 2. HP: 20/24 MP: 2/2
   703 | D:2      | Gained mutation: You have a pair of small horns on your
                  | head. [demonic ancestry]
   703 | D:2      | Reached XP level 3. HP: 24/29 MP: 3/3
   884 | D:2      | Found a faded altar of an unknown god.
  1492 | D:3      | Noticed Grinder
  1508 | D:3      | Killed Grinder
  1509 | D:3      | Gained mutation: You sometimes gain a little power by
                  | taking damage. [demonic ancestry]
  1509 | D:3      | Reached XP level 4. HP: 25/35 MP: 4/4
  1509 | D:3      | Gained mutation: You have a small tail. [demonic ancestry]
  1509 | D:3      | Reached XP level 5. HP: 29/41 MP: 5/5
  1746 | D:3      | Gained mutation: You have hoof-like feet. [demonic
                  | ancestry]
  1746 | D:3      | Reached XP level 6. HP: 47/47 MP: 6/6
  2521 | D:4      | Found Tiedea's Antique Weapon Emporium.
  2697 | D:4      | Found a hide-covered altar of Uskayaw.
  2697 | D:4      | Found a stormy altar of Qazlal.
  2907 | D:4      | Gained mutation: You have a tail ending in a sharp stinger.
                  | [demonic ancestry]
  2907 | D:4      | Reached XP level 7. HP: 44/52 MP: 7/7
  2992 | D:4      | Noticed Natasha
  3001 | D:4      | Killed Natasha
  3073 | D:4      | Noticed Pargi
  3092 | D:4      | Noticed Natasha
  3100 | D:4      | Killed Pargi
  3102 | D:4      | Killed from afar by Natasha

Illustrated notes

Levels and vault maps discovered:
D:1:      lightli_arrival_flooded_house, layout_rooms,
          minmay_misc_feat_secret_circle, minmay_tetromino_s4
D:2:      layout_basic, hellmonk_ecumenical_altar_pennies_from_heaven,
          st_stairs_13, kennysheep_minor_cross
D:3:      kennysheep_the_goblin_king, layout_loops_cross,
          nicolae_elyvilon_temple_path, uniq_grinder
D:4:      layout_basic, nicolae_overflow_two_pavilions, serial_shops,
          nicolae_shop_stone, uniq_pargi, uniq_natasha

Skill      XL: |  1  2  3  4  5  6 |
---------------+-------------------+-----
Short Blades   | 2 3 4 |  4.4
Armour         | 3 4 |  4.9
Shields        | 3 4 |  4.9
Fighting       | |  3.0

Action                     |  1- 3 |  4- 6 |  7- 9 || total
---------------------------+-------+-------+-------++-------
  Melee: Rapier            |    84 |   131 |    39 ||   254
         Kick              |    19 |    35 |    10 ||    64
         Headbutt          |     5 |    24 |     4 ||    33
         Tailslap          |       |    18 |     2 ||    20
    Use: Potion            |     1 |       |       ||     1
 Armour: Scale mail        |    28 |       |       ||    28
         Chain mail        |     3 |    49 |    42 ||    94
  Dodge: Dodged            |    35 |    38 |    31 ||   104
  Block: Buckler           |    14 |    30 |    17 ||    61
